 Dungeon Crawl Stone Soup version 0.27.0-1-g7a089689b8 (webtiles) character file.

Game seed: 13785450027289781851

41 pkoi the Chopper (level 3, -9/31 HPs)
             Began as a Minotaur Monk on Aug 4, 2021.
             Was a Believer of Makhleb.
             Mangled by an orange demon (13 damage)
             ... summoned by the player character
             ... on level 2 of the Dungeon.
             The game lasted 00:01:29 (965 turns).

pkoi the Chopper (Minotaur Monk)                     Turns: 965, Time: 00:01:29

Health: -9/31      AC:  2    Str: 16    XL:     3   Next: 32%
Magic:  2/2        EV: 12    Int:  7    God:    Makhleb [**....]
Gold:   30         SH:  0    Dex: 12    Spells: 2/2 levels left

rFire    . . .     SeeInvis .   a - +0 hand axe
rCold    . . .     Faith    .   (no shield)
rNeg     . . .     Spirit   .   b - +0 robe
rPois    .         Reflect  .   (helmet restricted)
rElec    .         Harm     .   (no cloak)
rCorr    .         Rampage  .   (no gloves)
Will     .....                  (no boots)
Stlth    ++........             (no amulet)
HPRegen  0.10/turn              (no ring)
MPRegen  0.08/turn              (no ring)

@: no status effects
A: horns 2, retaliatory headbutt
a: Renounce Religion, Minor Destruction


You were on level 2 of the Dungeon.
You worshipped Makhleb.
Makhleb was pleased with you.
You visited 1 branch of the dungeon, and saw 2 of its levels.

You collected 30 gold pieces.

Inventory:

Hand Weapons
 a - a +0 hand axe (weapon)
 f - a +2 dagger of venom
Armour
 b - a +0 robe (worn)
Jewellery
 c - an amulet of the acrobat
Scrolls
 d - a scroll of fog
 e - a scroll of torment {unknown}
Potions
 g - a potion of degeneration {unknown}


   Skills:
 - Level 3.6 Fighting
 + Level 5.1 Axes
 - Level 3.2 Dodging
 - Level 1.5 Stealth
 + Level 1.1 Invocations


You had 2 spell levels left.
You didn't know any spells.
Your spell library contained the following spells:

 Spells                   Type           Power      Damage    Failure   Level
 Beastly Appendage        Tmut           0%         N/A       43%         1
 Wereblood                Tmut           0%         N/A       56%         2
 Spider Form              Tmut/Pois      0%         N/A       80%         3


Dungeon Overview and Level Annotations

Branches:
Dungeon (2/15)

Altars:
Makhleb


Innate Abilities, Weirdness & Mutations

You have a pair of horns on your head.
You reflexively headbutt those who attack you in melee.


Message History

The ball python hisses angrily.
The hobgoblin hits you.
You barely miss the hobgoblin. Your headbutt misses the hobgoblin.
The hobgoblin barely misses you. The jelly barely misses you.
You hit the hobgoblin.
The hobgoblin is poisoned.
The hobgoblin is moderately wounded.
The hobgoblin barely misses you. The jelly hits you.
You are splashed with acid!
You kill the hobgoblin!
Makhleb accepts your kill.
You feel better. The ball python misses you. The ball python grabs you.
The ball python constricts you.
You escape the ball python's grasp.
The ball python completely misses you. The ball python closely misses you.
The ball python misses you. You furiously retaliate!
You headbutt the ball python. The ball python closely misses you.
The ball python misses you. The ball python closely misses you.
The ball python bites you but does no damage.
The ball python barely misses you.
You hit the ball python.
You kill the ball python!
Makhleb accepts your kill.
You feel better.
Your +2 dagger of venom stops dripping with poison.
a - a +0 hand axe (weapon)
You hit the jelly. The acid corrodes you!
Your hands burn!
The jelly is lightly wounded.
The jelly barely misses you.
You are no longer corroded.
The jelly barely misses you.
A demon appears!
It doesn't seem very happy.
You can no longer summon a lesser servant of Makhleb.
The jelly closely misses you.
As you read the scroll labelled DIFE HIMORGHOAH, it crumbles to dust.
The scroll dissolves into smoke.
It was a scroll of fog.
The jelly hits you.
You are splashed with acid!
* * * LOW HITPOINT WARNING * * *
The orange demon stings you from afar!
You die...

..######.......#
..............>#
...............#
..............##
.........####.#
..............#
..........#####
.........†...#######
..###.###.....§J@§§#
#. #....#####4# ..
###......#.##
########.........#
................#
.###............#
..##(##...........#
.#...#...........#
#. .# #.......†....#


You could see an orange demon (summoned) and a jelly.

Vanquished Creatures
  An adder (D:2)
  6 ball pythons
  2 bats
  3 endoplasms (D:1)
  A giant cockroach (D:1)
  2 goblins
  3 hobgoblins
  A jackal (D:2)
  A quokka (D:1)
  A frilled lizard (D:1)
  5 kobolds
  2 rats
28 creatures vanquished.

Notes
Turn   | Place    | Note
-------+----------+-------------------------------------------
     0 | D:1      | pkoi the Minotaur Monk began the quest for the Orb.
     0 | D:1      | Reached XP level 1. HP: 19/19 MP: 0/0
    88 | D:1      | Reached skill level 4 in Axes
   152 | D:1      | Reached XP level 2. HP: 23/26 MP: 1/1
   553 | D:1      | Found a faded altar of an unknown god.
   591 | D:1      | Became a worshipper of Makhleb the Destroyer
   591 | D:1      | Reached * piety under Makhleb
   591 | D:1      | Reached ** piety under Makhleb
   772 | D:2      | Reached skill level 5 in Axes
   772 | D:2      | Reached XP level 3. HP: 25/31 MP: 2/2
   876 | D:2      | Reached *** piety under Makhleb
   882 | D:2      | Reached skill level 1 in Invocations
   964 | D:2      | Noticed an orange demon
   965 | D:2      | Mangled by an orange demon

Illustrated notes

Levels and vault maps discovered:
D:1:      wander_arrival_fairy_ring, layout_basic,
          hellmonk_ecumenical_altar_zigzags
D:2:      layout_basic, serial_shops, nicolae_shop_statue_plus, minmay_ruptured

Skill      XL: |  1  2  3 |
---------------+----------+-----
Axes           | 4 5 |  5.1
Invocations    | 1 |  1.1
Fighting       | |  3.6
Dodging        | |  3.2
Stealth        | |  1.5

Action                   || total
-------------------------++-------
Melee: Hand axe          ||    24
       Headbutt          ||     3
       Dagger            ||    18
Invok: Lesser Servant of ||     1
  Use: Potion            ||     1
       Scroll            ||     1
 Stab: Sleeping          ||     3
Armor: Robe              ||     5
Dodge: Dodged            ||    38
